 Dungeon Crawl Stone Soup version 0.21.1-1-g345015f (webtiles) character file.

98 zishaf the Conjurer (level 4, 0/24 HPs)
             Began as a Tengu Conjurer on May 15, 2018.
             Killed from afar by an orc wizard (8 damage)
             ... with a puff of frost
             ... on level 2 of the Dungeon.
             The game lasted 00:04:16 (1514 turns).

zishaf the Conjurer (Tengu Conjurer)                Turns: 1514, Time: 00:04:16

Health: 0/24       AC:  2    Str:  9    XL:     4   Next: 71%
Magic:  0/10       EV: 12    Int: 16    God:
Gold:   18         SH:  0    Dex: 14    Spells: 6/9 levels left

rFire    . . .     SeeInvis .   (no weapon)
rCold    . . .     Gourm    .   (no shield)
rNeg     . . .     Faith    .   a - +0 robe
rPois    .         Spirit   .   (helmet restricted)
rElec    .         Reflect  .   (no cloak)
rCorr    .         Harm     .   (no gloves)
MR       .....                  (boots unavailable)
Stlth    ++........             (no amulet)
HPRegen  0.08/turn              (no ring)
MPRegen  0.12/turn              (no ring)

@: no status effects
A: beak, talons 3
a: no special abilities


You were on level 2 of the Dungeon.
You were not hungry.

You visited 1 branch of the dungeon, and saw 2 of its levels.

You collected 18 gold pieces.

Inventory:

Armour
 a - a +0 robe (worn)
Scrolls
 e - a scroll of teleportation {unknown}
 g - a scroll of immolation {unknown}
 h - 2 scrolls of identify {unknown}
 i - a scroll of amnesia {unknown}
Potions
 d - a potion of invisibility {unknown}
Books
 b - a book of Conjurations

   Spells                             Type                      Level
   a - Magic Dart                     Conjuration                  1
   b - Searing Ray                    Conjuration                  2
   c - Dazzling Spray                 Conjuration/Hexes            3
   d - Fulminant Prism                Conjuration/Hexes            4
   e - Force Lance                    Conjuration/Translocation    4
   f - Iskenderun's Mystic Blast      Conjuration                  4
Comestibles
 c - 5 rations


   Skills:
 - Level 2.1 Dodging
 - Level 2.0 Stealth
 + Level 3.4 Spellcasting
 + Level 6.7 Conjurations


You had 6 spell levels left.
You knew the following spells:

 Your Spells              Type           Power        Failure   Level  Hunger
a - Magic Dart            Conj           ###.         1%          1    None
b - Searing Ray           Conj           ###...       1%          2    ##.....


Dungeon Overview and Level Annotations

Branches:
Dungeon (2/15)

Altars:


Innate Abilities, Weirdness & Mutations

You have a beak for a mouth.
You have claws for feet.


Message History

Aim: an orc wizard, wielding a dagger and wearing a robe (lightly wounded)
The magic dart hits the orc wizard.
The orc wizard is heavily wounded.
The orc wizard casts a spell at you. The puff of frost hits you!
Casting: Magic Dart
Confirm with . or Enter, or press ? or * to list all spells.
Aiming: Magic Dart
Press: ? - help, Shift-Dir - straight line, f/p - orc wizard
Aim: an orc wizard, wielding a dagger and wearing a robe (heavily wounded)
The magic dart hits the orc wizard.
The orc wizard is severely wounded.
Casting: Magic Dart
Confirm with . or Enter, or press ? or * to list all spells.
You don't have enough magic to cast that spell.
The orc wizard gestures wildly while chanting.
The orc wizard seems to speed up.
The orc wizard points at you and mumbles some strange words.
The puff of frost hits you!
You die...

#.##.# # .). #.##.# .#
#.# ##.##.##)# #.#
#..##.#.# #.# #.#..)>#
#.# ####.#...## #.#
#######....#..#.## #.#
#...........o....# #.#
#.#####)###@..###...#
##.###.# #.# #...#
#..# .....#.# #.#
#...# ..# ##.#<..#
#.###...#### .#
#.....# #.#..........
# #.....#
#.#.#...####.
##.###.#####.#.#...#
...###.............#
##.##............#....


You could see an orc wizard.

Vanquished Creatures
  An orc wizard (D:2)
  An adder (D:2)
  3 oozes (D:1)
  A dart slug (D:2)
  2 leopard geckos
  3 orcs (D:2)
  3 giant cockroaches
  5 goblins
  5 hobgoblins
  2 jackals (D:2)
  5 kobolds (D:1)
  4 bats
  A frilled lizard (D:2)
  6 rats
42 creatures vanquished.

Notes
Turn   | Place    | Note
-------+----------+-------------------------------------------
     0 | D:1      | zishaf the Tengu Conjurer began the quest for the Orb.
     0 | D:1      | Reached XP level 1. HP: 10/10 MP: 4/4
    67 | D:1      | Reached XP level 2. HP: 15/15 MP: 0/6
   420 | D:1      | Reached XP level 3. HP: 13/19 MP: 0/7
   569 | D:1      | Reached skill level 6 in Conjurations
   887 | D:2      | Learned a level 2 spell: Searing Ray
   937 | D:2      | Noticed a hippogriff
  1302 | D:2      | Reached XP level 4. HP: 24/24 MP: 6/9
  1514 | D:2      | Killed from afar by an orc wizard

Skill      XL: |  1  2  3 |
---------------+----------+-----
Conjurations   | 6 |  6.7
Spellcasting   | 3 |  3.4
Dodging        | |  2.1
Stealth        | |  2.0

Action                   |  1- 3 |  4- 6 || total
-------------------------+-------+-------++-------
 Cast: Magic Dart        |    81 |    15 ||    96
  Eat: Chunk             |     2 |       ||     2
Armor: Robe              |     1 |       ||     1
Dodge: Dodged            |     9 |     1 ||    10
